 Dungeon Crawl Stone Soup version 0.30.1-4-g462c640d31 (webtiles) character file.

Game seed: 4840385904860533058

242 Babbit the Shield-Bearer (level 5, -6/47 HPs)
             Began as a Minotaur Fighter on Aug 14, 2023.
             Killed by nerve-wracking pain
             ... invoked by an orc priest
              (14 damage)
             ... on level 3 of the Dungeon.
             The game lasted 00:07:17 (2702 turns).

Babbit the Shield-Bearer (Minotaur Fighter)         Turns: 2702, Time: 00:07:17

Health: -6/47      AC: 10    Str: 23      XL:     5   Next: 81%
Magic:  4/4        EV:  9    Int:  4 (5)  God:
Gold:   156        SH:  4    Dex:  9      Spells: 4/4 levels left

rFire   . . .        a - +0 war axe
rCold   . . .        c - +0 buckler
rNeg    . . .        b - +0 scale mail
rPois   .            (helmet restricted)
rElec   .            (no cloak)
rCorr   .            m - +2 pair of gloves
SInv    .            (no boots)
Will    .....        (no amulet) Stlth
                     (no ring)
HPRegen 0.27/turn    (no ring)
MPRegen 0.09/turn

%: no passive effects
@: no status effects
A: horns 2, retaliatory headbutt
a: no special abilities


You were on level 3 of the Dungeon.
You visited 1 branch of the dungeon, and saw 4 of its levels.

You collected 156 gold pieces.

Inventory:

Hand Weapons
 a - a +0 war axe (weapon)
Armour
 b - a +0 scale mail (worn)
 c - a +0 buckler (worn)
 m - a +2 pair of gloves (worn)
Scrolls
 e - a scroll of identify
 f - a scroll of teleportation
 g - a scroll of summoning {unknown}
 h - a scroll of poison {unknown}
 j - a scroll of magic mapping {unknown}
 n - a scroll of amnesia {unknown}
 o - a scroll of torment {unknown}
Potions
 d - a potion of might
 i - 2 potions of brilliance
 k - a potion of curing
 l - a potion of degeneration {unknown}
 p - 2 potions of resistance


   Skills:
 + Level 4.8 Fighting
 + Level 4.5 Axes
 + Level 4.7 Armour
 + Level 0.8 Dodging
 + Level 5.0 Shields


You had 4 spell levels left.
You didn't know any spells.
Your spell library was empty.

Dungeon Overview and Level Annotations

Branches:
Dungeon (4/15)
 Temple: D:4-7

Altars:
Ashenzari
Cheibriados
Sif Muna
Uskayaw
Xom


Innate Abilities, Weirdness & Mutations

You have a pair of horns on your head.
You reflexively headbutt those who attack you in melee.


Message History

You feel less confused. The hound bites you but does no damage.
You block the orc warrior's attack.
The orc warrior attacks as you move away!
The orc warrior hits you with a +0 scimitar!
The hound bites you but does no damage.
The orc wizard points at you and mumbles some strange words.
The puff of flame hits you! The hound attacks as you move away!
The hound closely misses you. The hound bites you but does no damage.
The hound closely misses you. You furiously retaliate!
You headbutt the hound.
There is a stone staircase leading up here.
You barely miss the hound.
The hound is moderately wounded.
The hound bites you but does no damage. The hound barely misses you.
You miss the hound. You headbutt the hound.
The hound is moderately wounded.
The hound bites you. x2
You miss the hound.
The hound is moderately wounded.
The hound bites you but does no damage. You block the hound's attack.
The hound closely misses you. The orc priest closely misses you.
You climb upwards.
There is a stone staircase leading down here.
You closely miss the orc priest. You closely miss the hound.
The hound bites you but does no damage. x2
The orc priest mumbles some strange prayers to Beogh against you.
Beogh smites you!
* * * LOW HITPOINT WARNING * * *
You slash the orc priest!
You headbutt the orc priest, but do no damage.
The orc priest is moderately wounded.
You hit the hound. The hound barely misses you.
The orc priest hits you but does no damage.
The hound barely misses you.
You closely miss the orc priest.
The orc priest is moderately wounded.
You closely miss the hound. The hound barely misses you.
The orc priest calls down the wrath of Beogh upon you.
Pain shoots through your body!
You die...

.#.#..)......## #.#..# #
...#..........############....# #
##.#.....................#....# #
##.###.###...##########.##...# #
##.##.###..##### #.##...# #
#.............# #.##...# #
##.............# #.##...###
##...#..##..##..# #.##......
##...........##o@#######.##....))
..##..#........h...).......<#####
.###..#.######...#######.#..# #
.###.......# #..........#...# #
.....#####.# #.#.#######.#.######
####.# #.###.#.# #.#.###.## #.#
#)......# #.#....... #.#
#(###.### #.#####.##
#.#####.###.## #.# #.#


You could see a hound and an orc priest.

Vanquished Creatures
  An orc priest (D:3)
  2 orc wizards (D:2)
  An iguana (D:3)
  5 adders
  2 worms
  3 dart slugs
  8 orcs
  2 bats
  6 endoplasms
  A giant cockroach (D:2)
  6 goblins
  9 hobgoblins
  2 jackals (D:3)
  8 quokkas
  4 ball pythons
  A frilled lizard (D:1)
  3 kobolds
  10 rats
74 creatures vanquished.

Notes
Turn   | Place    | Note
-------+----------+-------------------------------------------
     0 | D:1      | Babbit the Minotaur Fighter began the quest for the Orb.
     0 | D:1      | Reached XP level 1. HP: 19/19 MP: 0/0
   223 | D:1      | Reached XP level 2. HP: 27/27 MP: 1/1
   673 | D:1      | Reached skill level 4 in Shields
   919 | D:1      | Reached XP level 3. HP: 33/33 MP: 2/2
  1014 | D:1      | Found a faded altar of an unknown god.
  1022 | D:1      | Prayed at the altar of an unknown god.
  1022 | D:1      | Became a worshipper of Sif Muna the Loreminder
  1022 | D:1      | Reached * piety under Sif Muna
  1253 | D:2      | Reached XP level 4. HP: 4/41 MP: 3/3
  1256 | D:2      | HP: 1/41 [orc wizard/magic dart (4)]
  1676 | D:2      | Reached XP level 5. HP: 47/47 MP: 4/4
  1753 | D:2      | Reached ** piety under Sif Muna
  1943 | D:2      | Fell from the grace of Sif Muna
  2000 | D:3      | Found a hide-covered altar of Uskayaw.
  2021 | D:3      | Found a shimmering altar of Xom.
  2217 | D:3      | Reached skill level 5 in Shields
  2296 | D:3      | Found a broken altar of Ashenzari.
  2448 | D:3      | Found a snail-covered altar of Cheibriados.
  2680 | D:4      | Noticed an orc warrior
  2702 | D:3      | Killed from afar by an orc priest

Illustrated notes

Levels and vault maps discovered:
D:1:      dpeg_arrival_ratfight, layout_loops_corners,
          shapermc_ecumenical_altar_mp_urbaneastern, corexii_leaking_fountain,
          serial_bayou_pond_a, patterned_corridor
D:2:      layout_basic, wad_floor_pattern_1, kennysheep_generic_room_14
D:3:      layout_loops_ring, mainiacjoe_overflow_boulevard,
          grunt_temple_overflow_open, nicolae_overflow_crystal_walls
D:4:      layout_rooms, mainiacjoe_overflow_big_doors, grunt_qazlal_clouds

Skill      XL: |  1  2  3  4  5 |
---------------+----------------+-----
Fighting       | 4 |  4.8
Shields        | 4 5 |  5.0
Armour         | 4 |  4.7
Axes           | 3 4 |  4.5
Dodging        | |  0.8

Action                     |  1- 3 |  4- 6 || total
---------------------------+-------+-------++-------
  Melee: War axe           |    79 |    79 ||   158
         Headbutt          |     9 |    13 ||    22
 Invoke: Renounce Religion |       |     1 ||     1
    Use: Scroll            |       |     5 ||     5
 Armour: Scale mail        |    37 |    41 ||    78
  Dodge: Dodged            |    41 |    40 ||    81
  Block: Buckler           |    23 |    14 ||    37
